 Dungeon Crawl Stone Soup version 0.28-a0-514-g0d7ab7f379 (webtiles) character file.

Game seed: 10255957701379663172

373 heikuro the Chopper (level 6, 0/50 HPs)
             Began as a Minotaur Berserker on Sept 23, 2021.
             Was a Believer of Trog.
             Succumbed to Edmund's poison
             ... on level 4 of the Dungeon.
             The game lasted 00:04:48 (2726 turns).

heikuro the Chopper (Minotaur Berserker)            Turns: 2726, Time: 00:04:49

Health: 0/50       AC: 14    Str: 24    XL:     6   Next: 43%
Magic:  5/5        EV:  9    Int:  4    God:    Trog [**....]
Gold:   99         SH:  0    Dex:  9    Spells: 5/5 levels left

rFire   + + .      SeeInvis .   a - +0 war axe
rCold   . . .      Faith    .   (no shield)
rNeg    . . .      Spirit   .   s - +0 storm dragon scales
rPois   .          Reflect  .   (helmet restricted)
rElec   +          Harm     .   p - +0 cloak
rCorr   .          Rampage  .   (no gloves)
Will    .....                   d - +0 pair of boots
Stlth   ..........              (no amulet)
HPRegen 0.16/turn               k - ring of protection from fire
MPRegen 0.09/turn               h - ring of protection from fire

@: lethally poisoned (0 -> -4), on berserk cooldown, slowed, very slow
A: horns 2, retaliatory headbutt, frail 1, subdued magic 1
a: Renounce Religion, Berserk, Trog's Hand


You were on level 4 of the Dungeon.
You worshipped Trog.
Trog was pleased with you.
You visited 1 branch of the dungeon, and saw 4 of its levels.

You collected 99 gold pieces.

Inventory:

Hand Weapons
 a - a +0 war axe (weapon)
 m - a +1 whip of venom
Missiles
 b - 5 boomerangs (quivered)
Armour
 d - a +0 pair of boots (worn)
 p - a +0 cloak (worn)
 s - +0 storm dragon scales (worn)
Jewellery
 h - a ring of protection from fire (right hand)
 k - a ring of protection from fire (left hand)
Scrolls
 i - a scroll of teleportation {unknown}
 j - 2 scrolls of immolation
 l - 2 scrolls of identify {unknown}
 n - a scroll of magic mapping {unknown}
 r - a scroll of fear {unknown}
Potions
 c - a potion of experience {unknown}
 e - a potion of berserk rage
 f - a potion of curing {unknown}
 g - a potion of attraction {unknown}
 o - a potion of lignification {unknown}
 q - a potion of might {unknown}
 t - a potion of mutation


   Skills:
 + Level 5.0 Fighting
 * Level 6.2 Axes
 + Level 4.3 Armour
 + Level 3.8 Dodging


You had 5 spell levels left.
You didn't know any spells.
Your spell library was empty.

Dungeon Overview and Level Annotations

Branches:
Dungeon (4/15)
 Temple: D:4-7

Altars:
Ashenzari
Cheibriados
Gozag
Trog
Uskayaw
The Shining One


Innate Abilities, Weirdness & Mutations

You have a pair of horns on your head.
You reflexively headbutt those who attack you in melee.
You are frail. (-10% HP)
Your spells are a little easier to cast, but a little less powerful.


Message History

You slash the goblin!
You kill the goblin!
Trog accepts your kill.
* * * LOW HITPOINT WARNING * * *
You feel very sick. The orc barely misses you.
You slash the orc!
You kill the orc!
Trog accepts your kill.
You closely miss the orc.
* * * LOW HITPOINT WARNING * * *
You feel very sick. The orc barely misses you.
You slash the orc!
You kill the orc!
Trog accepts your kill.
* * * LOW HITPOINT WARNING * * *
You feel very sick.
You feel sick.
Items here: )) [[ †.
You feel a strong urge to attack something.
You are no longer berserk.
You are exhausted.
You feel yourself slow down.
* * * LOW HITPOINT WARNING * * *
You feel sick.
Things that are here:
a +0 club; a +0 ring mail; an orc corpse
* * * LOW HITPOINT WARNING * * *
You feel very sick.
Items here: )) ? [ ††.
* * * LOW HITPOINT WARNING * * *
You feel sick.
It was a potion of mutation.
You feel extremely strange.
Your connection to magic feels subdued.
You feel frail.
* * * LOW HITPOINT WARNING * * *
You feel sick.
It was a potion of berserk rage.
You're still recovering from your berserk rage.
You die...

♣.....†..♣♣P.P.P♣
♣♣♣......♣♣.P.♣
........<..♣.♣♣
.P♣.....♣P♣...♣#####.###
♣.....♣.♣♣............
#####†.♣♣P♣♣.#####.#..
#...♣♣♣..# #.<....#.#
......#....$#@#
.##.#.#..##.#)##.#### ..
...$....)))...... .#
.#......../##'####
#............. .# #
.##..........# ..
#............
#.............
#.#########...


There were no monsters in sight!

Vanquished Creatures
  Edmund (D:4)
  A necrophage (D:4)
  Crazy Yiuf (D:2)
  7 adders
  An adder skeleton (D:4)
  2 worms (D:3)
  A dart slug (D:1)
  4 orcs (D:4)
  3 ball pythons (D:1)
  5 endoplasms
  3 giant cockroaches
  2 goblins
  3 hobgoblins
  10 jackals
  2 kobolds
  5 quokkas
  6 bats
  3 frilled lizards
  8 rats
68 creatures vanquished.

Vanquished Creatures (others)
  A plant (D:4)
1 creature vanquished.

Grand Total: 69 creatures vanquished

Notes
Turn   | Place    | Note
-------+----------+-------------------------------------------
     0 | D:1      | heikuro the Minotaur Berserker began the quest for the Orb.
     0 | D:1      | Reached XP level 1. HP: 19/19 MP: 0/0
   143 | D:1      | Reached XP level 2. HP: 27/27 MP: 1/1
   152 | D:1      | Reached skill level 4 in Axes
   222 | D:1      | Noticed a shining eye
   342 | D:1      | Found a faded altar of an unknown god.
   344 | D:1      | Noticed a floating eye
   344 | D:1      | Noticed a floating eye
   344 | D:1      | Noticed a golden eye
   837 | D:2      | Reached XP level 3. HP: 32/33 MP: 2/2
  1663 | D:2      | Found a runed translucent door.
  1664 | D:2      | Noticed Crazy Yiuf
  1672 | D:2      | Killed Crazy Yiuf
  1673 | D:2      | Reached XP level 4. HP: 40/40 MP: 3/3
  1756 | D:3      | Noticed a +0 hand axe
  1756 | D:3      | Found a hide-covered altar of Uskayaw.
  1757 | D:3      | Noticed a +0 dagger
  1892 | D:3      | Reached ** piety under Trog
  1934 | D:3      | Found a snail-covered altar of Cheibriados.
  1961 | D:3      | Noticed a moth of wrath
  1964 | D:3      | Found a bloodstained altar of Trog.
  2259 | D:3      | Reached skill level 5 in Axes
  2276 | D:3      | Found an opulent altar of Gozag.
  2361 | D:3      | Found a glowing golden altar of the Shining One.
  2506 | D:3      | Found a broken altar of Ashenzari.
  2546 | D:4      | Reached XP level 5. HP: 37/47 MP: 4/4
  2699 | D:4      | Noticed a necrophage
  2701 | D:4      | Noticed Edmund
  2708 | D:4      | Killed a necrophage
  2716 | D:4      | Killed Edmund
  2717 | D:4      | Reached skill level 5 in Fighting
  2717 | D:4      | Reached skill level 6 in Axes
  2717 | D:4      | Reached XP level 6. HP: 28/56 MP: 5/5
  2724 | D:4      | HP: 2/56 [poisoned by Edmund]
  2725 | D:4      | Gained mutation: Your spells are a little easier to cast,
                  | but a little less powerful. [potion of mutation]
  2725 | D:4      | Gained mutation: You are frail. (-10% HP) [potion of
                  | mutation]
  2726 | D:4      | Succumbed to Edmund's poison

Illustrated notes

Levels and vault maps discovered:
D:1:      erik_arrival_orb_chamber, layout_loops_ring,
          hellmonk_ecumenical_altar_watching_god
D:2:      layout_loops_ring, uniq_crazy_yiuf_cottage
D:3:      layout_rooms, overflow_temple_1_default, dancing_weapons_uskayaw,
          tgw_trog, mainiacjoe_overflow_six_doors_small,
          mainiacjoe_overflow_alcove_2, nicolae_tso_carved_into_rock
D:4:      layout_basic, gammafunk_temple_overflow_arena, serial_forest,
          infiniplex_forest_zigzag_1, infiniplex_forest_end_1,
          infiniplex_forest_clump_cross, infiniplex_forest_lined_room_3,
          infiniplex_forest_side_room, infiniplex_forest_end_1,
          infiniplex_forest_corner_1, uniq_edmund

Skill      XL: |  1  2  3  4  5 |
---------------+----------------+-----
Axes           | 4 5 6 |  6.2
Fighting       | 4 5 |  5.0
Armour         | 3 4 |  4.3
Dodging        | 3 |  3.8

Action                   |  1- 3 |  4- 6 || total
-------------------------+-------+-------++-------
Melee: Hand axe          |    76 |    26 ||   102
       Headbutt          |    11 |     8 ||    19
       War axe           |       |    46 ||    46
Throw: Boomerang         |    10 |       ||    10
Invok: Berserk           |     2 |     2 ||     4
  Use: Scroll            |     1 |       ||     1
       Potion            |       |     2 ||     2
Armor: Chain mail        |    54 |     3 ||    57
       Animal skin       |     1 |       ||     1
       Storm dragon scal |       |    36 ||    36
Dodge: Dodged            |    42 |    41 ||    83

Table legend: (Time is in decaauts)
 A = Elapsed time spent in this place.
 B = Non-inter-level travel time spent in this place.
 C = Inter-level travel time spent in this place.
 D = Time resting spent in this place.
 E = Time spent auto-exploring this place.
 F = Levels seen in this place.
 G = Mean time per level.
                   A        B        C        D        E       F      G
               +--------+--------+--------+--------+--------+-----+--------+
         Total |   2771 |   2667 |    104 |    530 |   1526 |   4 |  692.8 |
       Dungeon |   2771 |   2667 |    104 |    530 |   1526 |   4 |  692.8 |
               +--------+--------+--------+--------+--------+-----+--------+

Top non-repeatable levels by time:
     D:2: 988 daAuts
     D:3: 810 daAuts
     D:1: 797 daAuts
     D:4: 175 daAuts
